 Dungeon Crawl Stone Soup version 0.29.0-4-gdea44cf6ec (webtiles) character file.

Game seed: 13816272408185582922

87 qw the Chopper (level 4, -1/26 HPs)
             Began as a Tengu Warper on Aug 28, 2022.
             Slain by a black bear (3 damage)
             ... on level 2 of the Dungeon.
             The game lasted 00:00:06 (1484 turns).

qw the Chopper (Tengu Warper)                       Turns: 1484, Time: 00:00:07

Health: -1/26      AC:  4    Str: 14    XL:     4   Next: 51%
Magic:  8/8        EV: 12    Int: 13    God:
Gold:   47         SH:  0    Dex: 13    Spells: 7/7 levels left

rFire   + . .      SeeInvis .   Y - +0 hand axe
rCold   . . .      Faith    .   (no shield)
rNeg    . . .      Spirit   .   b - +0 leather armour
rPois   .          Reflect  .   (helmet restricted)
rElec   .          Harm     .   (no cloak)
rCorr   .          Rampage  .   j - +0 pair of gloves
Will    .....                   (boots unavailable)
Stlth   +.........              (no amulet)
HPRegen 0.08/turn               g - ring of protection from fire
MPRegen 0.11/turn               (no ring)

@: no status effects
A: beak, talons 3
a: no special abilities


You were on level 2 of the Dungeon.
You visited 1 branch of the dungeon, and saw 2 of its levels.

You collected 47 gold pieces.


Innate Abilities, Weirdness & Mutations

You have a beak for a mouth.
You have claws for feet.


   Skills:
 - Level 2.0 Fighting
 + Level 5.1 Axes
 - Level 1.0 Throwing
 - Level 1.1 Armour
 - Level 2.1 Dodging
 - Level 2.0 Spellcasting
 - Level 2.4 Translocations


You had 7 spell levels left.
You didn't know any spells.
Your spell library contained the following spells:

 Spells                   Type           Power      Damage    Failure   Level
 Blink                    Tloc           14%        N/A       19%         2
 Gell's Gravitas          Tloc           7%         N/A       34%         3
 Lesser Beckoning         Tloc           7%         N/A       34%         3
 Teleport Other           Tloc           7%         N/A       34%         3
 Manifold Assault         Tloc           7%         N/A       97%         5

Inventory:

Hand Weapons
 i - a +0 whip
 Y - a +0 hand axe (weapon)
Armour
 b - a +0 leather armour (worn)
 j - a +0 pair of gloves (worn)
Jewellery
 a - a ring of magical power
 g - a ring of protection from fire (left hand)
Potions
 d - a potion of heal wounds {unknown}

Dungeon Overview and Level Annotations

Branches:
Dungeon (2/15)

Altars:


Message History

The endoplasm hits you but does no damage.
You hit the endoplasm.
You kill the endoplasm!
You closely miss the black bear. You hit the jackal.
The jackal closely misses you. The black bear bites you.
The black bear barely misses you. x2; The jackal misses you.
You hit the jackal.
You kill the jackal!
You hit the black bear. You closely miss the hobgoblin.
The black bear bites you. The black bear misses you.
The black bear closely misses you. The hobgoblin hits you.
You slash the black bear!
You claw the black bear, but do no damage.
Your peck misses the black bear.
The black bear is moderately wounded.
You hit the hobgoblin but do no damage. The black bear bites you.
The black bear closely misses you. x2
The hobgoblin barely misses you.
You hit the black bear. Your kick misses the black bear.
The black bear is heavily wounded.
You hit the hobgoblin. The hobgoblin hits you.
The black bear barely misses you. x3
You barely miss the black bear. You claw the black bear.
The black bear is heavily wounded.
You hit the hobgoblin.
You kill the hobgoblin!
The black bear misses you. The black bear barely misses you.
The black bear claws you.
You hit the black bear. Your kick misses the black bear.
The black bear is heavily wounded.
The black bear barely misses you.
The black bear claws you but does no damage.
The black bear claws you.
You hit the black bear. You claw the black bear.
Your peck misses the black bear.
The black bear is almost dead.
The black bear bites you but does no damage.
The black bear claws you but does no damage.
The black bear claws you.
You die...

#.. #.. #.. #.. #
#.. .# #..
######.###
#.h##.........
#.%@.......###
.......#.>........
....#####.........
... #.######## .
#.# #.# #.# #)#
#.#


You could see a black bear.

Vanquished Creatures
  Natasha (twice) (D:2)
  An adder (D:2)
  A dart slug (D:1)
  A bat (D:1)
  3 endoplasms
  A giant cockroach (D:2)
  3 goblins
  5 hobgoblins
  2 jackals (D:2)
  2 quokkas (D:1)
  A ball python (D:1)
  A frilled lizard (D:1)
  2 kobolds (D:1)
  A rat (D:2)
26 creatures vanquished.

Notes
Turn   | Place    | Note
-------+----------+-------------------------------------------
     0 | D:1      | qw the Tengu Warper began the quest for the Orb.
     0 | D:1      | Reached XP level 1. HP: 12/12 MP: 4/4
     0 | D:1      | 0 ||| qw: Version: 0.1-a-89-g26bdef1
     0 | D:1      | 0 ||| qw: Game counter: 751
     0 | D:1      | 0 ||| qw: Always use a shield: true
     0 | D:1      | 0 ||| qw: God list: Okawaru
     0 | D:1      | 0 ||| qw: Allow faded altars: false
     0 | D:1      | 0 ||| qw: Do Orc after D:15 true
     0 | D:1      | 0 ||| qw: Do second Lair branch before Depths: true
     0 | D:1      | 0 ||| qw: Lair rune preference: random
     0 | D:1      | 0 ||| qw: Plans: Normal
     0 | D:1      | 0 ||| PLANNING D:1-11
   250 | D:1      | HP: 2/12 [quokka (2)]
   527 | D:1      | Reached skill level 3 in Axes
   527 | D:1      | Reached XP level 2. HP: 17/17 MP: 6/6
   735 | D:1      | 735 ||| Stepping ~*~*~tactically~*~*~ (hiding).
   996 | D:1      | 996 ||| UPGRADING to +0 pair of gloves.
  1001 | D:1      | 1001 ||| UPGRADING to ring of protection from fire.
  1002 | D:1      | 1002 ||| READING scroll labelled WIRCHO QUSUSTUE.
  1003 | D:1      | 1003 ||| READING scroll labelled VINNUU LOYKHU.
  1004 | D:1      | 1004 ||| READING scroll labelled ROFFIODEBI.
  1009 | D:1      | 1009 ||| DROPPING scroll of blinking.
  1082 | D:2      | 1082 ||| Stepping ~*~*~tactically~*~*~ (stealth).
  1119 | D:2      | Reached XP level 3. HP: 21/21 MP: 7/7
  1121 | D:2      | Found a faded altar of an unknown god.
  1185 | D:2      | Noticed Natasha
  1186 | D:2      | 1186 ||| Stepping ~*~*~tactically~*~*~ (hiding).
  1194 | D:2      | Killed Natasha
  1195 | D:2      | Reached skill level 4 in Axes
  1229 | D:2      | Noticed Natasha
  1230 | D:2      | 1230 ||| Stepping ~*~*~tactically~*~*~ (hiding).
  1237 | D:2      | Killed Natasha
  1238 | D:2      | Reached XP level 4. HP: 13/26 MP: 8/8
  1467 | D:2      | Noticed a black bear
  1468 | D:2      | 1468 ||| Stepping ~*~*~tactically~*~*~ (stealth).
  1476 | D:2      | Reached skill level 5 in Axes
  1481 | D:2      | HP: 6/26 [hobgoblin (3)]
  1483 | D:2      | HP: 2/26 [black bear (3)]
  1484 | D:2      | Slain by a black bear

Levels and vault maps discovered:
D:1:      lightli_arrival_chessboard, layout_basic, chequers_decorated_corner,
          nicolae_kite_square_tiling_tiny
D:2:      layout_basic, shapermc_ecumenical_altar_totnotflames, uniq_natasha

Skill      XL: |  1  2  3  4 |
---------------+-------------+-----
Axes           | 3 4 5 |  5.1
Fighting       | |  2.0
Throwing       | |  1.0
Armour         | |  1.1
Dodging        | |  2.1
Spellcasting   | |  2.0
Translocations | |  2.4

Action                   |  1- 3 |  4- 6 || total
-------------------------+-------+-------++-------
Melee: Hand axe          |    46 |    16 ||    62
       Kick              |     8 |     5 ||    13
       Peck              |     1 |     2 ||     3
Throw: Boomerang         |     7 |       ||     7
  Use: Scroll            |     3 |       ||     3
Armor: Leather armour    |     8 |     8 ||    16
Dodge: Dodged            |    24 |    27 ||    51

Table legend:
 A = Non-vault XP
 B = Vault XP
 C = Vault XP percentage of total XP
 D = Non-vault monster count
 E = Vault monster count
 F = Vault count percentage of total count
                 A         B        C        D         E       F
            +---------+---------+-------+---------+---------+-------
      Total |      90 |      35 |  28.0 |      25 |       1 |   3.8
            +---------+---------+-------+---------+---------+-------
        D:1 |      27 |       0 |   0.0 |      14 |       0 |   0.0
        D:2 |      63 |      35 |  35.7 |      11 |       1 |   8.3
            +---------+---------+-------+---------+---------+-------
